Map: 普列昂台地

Players

Expect

  • Race: Terran Terran
  • League: Master

Rose (Python) - Winner!

  • Race: Zerg Zerg
  • League: Grandmaster

Event: 2016 WCS Winter Challenger Taiwan

VOD

Have the link to the VOD?

Description

Time

  • Played on: Jan. 15, 2016, 6:37 a.m.
  • Length: 10:57

All games in this series

Show
View Real Time Build Order
Export as new Build Order

Expect Terran 

Build Orders: MMM Bio 

Get SALT Encoding   

  12  0:01  SCV  
  13  0:13  SCV  
  14  0:18  Supply Depot  
  14  0:25  SCV  
  15  0:39  SCV  
  15  0:40  Barracks  
  16  0:44  Refinery  
  16  0:52  SCV  
  17  1:04  SCV  
  17  1:05  Barracks  
  18  1:16  SCV  
  19  1:29  Reaper, Orbital Command  
  20  1:37  Supply Depot  
  20  1:53  Reaper  
  21  1:55  SCV  
  22  2:05  Reaper  
  23  2:11  Command Center  
  23  2:14  SCV  
  24  2:25  Reaper  
  24  2:26  SCV  
  26  2:38  SCV  
  27  2:49  Command Center  
  27  2:52  SCV  
  27  2:53  Reaper  
  30  3:06  Supply Depot  
  30  3:08  SCV, Barracks  
  31  3:23  SCV  
  32  3:32  Barracks Tech Lab  
  32  3:36  Barracks Reactor  
  32  3:43  SCV  
  32  3:44  Bunker  
  32  3:51  Supply Depot  
  32  3:53  Stimpack, Marine  
  32  3:54  Refinery  
  33  4:02  Orbital Command  
  32  4:09  Marine  
  31  4:11  Marine  
  32  4:19  SCV  
  32  4:20  Marine x2  
  34  4:27  Marine  
  34  4:31  SCV  
  33  4:32  Bunker  
  33  4:38  Marine  
  34  4:43  SCV  
  34  4:48  Marine x3  
  37  4:55  Marine  
  37  4:57  Orbital Command  
  38  5:06  Marine  
  39  5:12  SCV  
  40  5:14  Bunker  
  40  5:15  Supply Depot  
  40  5:16  Supply Depot  
  40  5:17  SCV  
  41  5:23  SCV  
  41  5:24  SCV  
  41  5:27  Barracks Reactor  
  43  5:29  Marine x3  
  43  5:34  Factory  
  46  5:39  SCV x3  
  49  5:51  SCV  
  49  5:52  SCV x2  
  49  5:53  Marine x3  
  49  5:56  Combat Shields  
  55  6:01  Refinery x2  
  55  6:06  SCV x3, Engineering Bay  
  58  6:12  Orbital Command  
  58  6:13  Marine  
  58  6:14  Marine x4  
  58  6:17  Factory Reactor  
  58  6:18  Starport  
  63  6:22  SCV  
  63  6:23  SCV  
  65  6:32  Barracks  
  65  6:34  Terran Infantry Weapons Level 1, Barracks  
  65  6:38  SCV x2  
  65  6:39  SCV  
  68  6:48  Supply Depot x2  
  68  6:50  SCV x2  
  68  6:51  SCV  
  71  7:05  Medivac x2  
  71  7:06  Factory Tech Lab, Marauder  
  77  7:09  Marine x4  
  77  7:11  Supply Depot  
  81  7:15  Supply Depot  
  81  7:17  SCV x2  
  81  7:18  SCV  
  84  7:23  Barracks Reactor, Barracks Tech Lab  
  84  7:26  Siege Tank  
  87  7:30  Supply Depot  
  87  7:35  Concussive Shells, Medivac x2  
  91  7:38  Marauder, Marine  
  91  7:39  Refinery  
  91  7:40  Marine x3  
  91  7:43  SCV x2  
  100  7:50  Supply Depot, Marine  
  100  7:55  Marine  
  100  7:57  Marine  
  102  7:59  Supply Depot, Marauder  
  104  8:11  Marine x2  
  104  8:12  Marauder, Marine x2  
  107  8:13  Marine  
  104  8:21  Marauder  
  104  8:26  Siege Tank, Marine  
  99  8:28  Terran Infantry Armor Level 1  
  99  8:29  SCV, Marine x2  
  99  8:30  SCV  
  99  8:33  Marauder  
  104  8:38  Medivac x2  
  108  8:42  Marauder  
  103  8:54  SCV x2  
  76  8:57  Orbital Command  
  73  9:02  Siege Tank  
  73  9:03  Marine x5  
  73  9:06  SCV  
  79  9:16  SCV  
  80  9:18  SCV  
  80  9:19  Marine  
  80  9:20  Marauder, Marine  
  80  9:24  SCV  
  86  9:28  Marine x2  
  88  9:34  SCV x2  
  90  9:45  Siege Tank, Marine x3  
  85  9:46  Marauder  
  85  9:55  Marine x3  
  85  9:56  Marauder  
  90  10:03  Marine x3  
  93  10:07  Marauder  
  88  10:14  Marine x3  
  88  10:17  Marauder, Siege Tank  
  93  10:29  Marauder, Marine x2  
Show
View Real Time Build Order
Export as new Build Order

Rose Zerg - Winner!

Build Orders: Hatch First 

Get SALT Encoding   

  12  0:01  Drone  
  13  0:08  Drone  
  14  0:17  Overlord  
  14  0:22  Drone, Extractor  
  15  0:35  Drone x2  
  17  0:53  Hatchery  
  17  0:55  Drone  
  17  1:09  Spawning Pool  
  16  1:12  Drone, Extractor  
  16  1:16  Drone  
  17  1:19  Drone  
  18  1:27  Drone  
  19  1:37  Overlord  
  19  1:55  Queen  
  19  1:56  Zergling x2  
  19  1:59  Zergling x2  
  23  2:04  Queen  
  23  2:05  Drone  
  26  2:12  Metabolic Boost  
  26  2:15  Drone  
  27  2:18  Drone  
  28  2:23  Drone  
  29  2:31  Queen  
  30  2:37  Drone  
  30  2:38  Overlord  
  31  2:44  Drone x2  
  33  2:51  Zergling x2  
  33  3:05  Zergling x12  
  39  3:15  Queen  
  39  3:19  Zergling x4  
  44  3:20  Zergling x2  
  44  3:21  Overlord x2  
  43  3:31  Drone  
  44  3:46  Overlord, Drone x3, Hatchery  
  44  3:47  Drone x2  
  48  3:56  Zergling x10  
  53  4:06  Zergling x2  
  51  4:12  Zergling x2  
  49  4:17  Zergling x8  
  52  4:28  Drone x4  
  53  4:33  Drone  
  53  4:37  Drone  
  54  4:43  Drone  
  54  4:45  Drone  
  56  4:46  Drone  
  56  4:49  Drone x2  
  59  4:57  Drone  
  59  4:58  Drone  
  61  5:00  Queen  
  61  5:04  Overlord  
  61  5:05  Drone  
  64  5:08  Extractor  
  64  5:09  Drone  
  64  5:10  Drone  
  65  5:16  Drone x3  
  65  5:18  Drone  
  70  5:21  Drone x2  
  70  5:26  Drone, Roach Warren  
  70  5:36  Drone x2  
  70  5:37  Drone  
  70  5:38  Drone  
  70  5:40  Extractor  
  70  5:42  Overlord  
  73  5:43  Drone x2  
  73  5:44  Lair  
  73  5:45  Drone  
  73  5:49  Evolution Chamber  
  75  5:50  Extractor  
  75  5:54  Drone x5  
  75  5:55  Evolution Chamber  
  78  6:02  Drone x2  
  80  6:09  Drone  
  81  6:11  Drone  
  81  6:13  Roach x3  
  81  6:14  Overlord  
  81  6:15  Zerg Missile Weapons Level 1  
  88  6:19  Extractor x2  
  88  6:22  Hatchery  
  88  6:23  Zerg Ground Armor Level 1  
  88  6:24  Overlord  
  85  6:27  Drone x2  
  85  6:28  Overlord, Drone  
  85  6:30  Drone  
  89  6:35  Overlord  
  89  6:36  Overlord  
  89  6:43  Glial Reconstitution  
  89  6:49  Ravager x2  
  89  6:50  Ravager  
  89  6:51  Overlord x3  
  92  6:57  Roach x2  
  92  6:58  Roach x3  
  92  7:01  Queen  
  104  7:06  Roach x5  
  114  7:09  Overseer  
  114  7:12  Overlord  
  114  7:14  Roach x3  
  120  7:21  Overlord  
  120  7:29  Drone x2  
  123  7:30  Overlord, Drone  
  123  7:32  Roach x6  
  123  7:33  Overseer  
  135  7:37  Pneumatized Carapace  
  135  7:38  Roach x2  
  135  7:41  Extractor, Ravager  
  135  7:42  Extractor  
  138  7:47  Roach x2  
  138  7:48  Roach x2  
  146  7:52  Spine Crawler  
  146  7:54  Drone  
  146  7:56  Roach  
  146  7:57  Roach x2  
  152  8:03  Roach x3  
  152  8:04  Roach  
  160  8:06  Ravager  
  161  8:15  Roach x3  
  166  8:22  Roach x2  
  166  8:26  Overlord x3  
  167  8:28  Zerg Missile Weapons Level 2, Zerg Ground Armor Level 2  
  163  8:35  Ravager x2  
  139  8:51  Roach x12  
  134  9:01  Roach x3  
  118  9:03  Queen  
  118  9:06  Queen  
  118  9:09  Roach x4  
  130  9:13  Roach x3  
  130  9:16  Ravager x5  
  145  9:24  Roach x4  
  145  9:30  Roach  
  151  9:34  Overseer x2  
  151  9:35  Overlord  
  151  9:36  Overlord x3  
  151  9:37  Roach  
  153  9:45  Ravager x4  
  157  9:47  Roach x4  
  159  10:03  Roach x4  
  159  10:04  Roach x6  
  159  10:05  Ravager  
  159  10:06  Ravager  
  173  10:17  Roach x6  
  173  10:20  Ravager x2  
  187  10:21  Zergling x2  
  187  10:22  Zergling x8  
  180  10:34  Zergling x2, Roach  
  180  10:35  Zergling x2, Roach  
Tags
 
Add a new tag
Caveats
  • Supply blocks, unpowered buildings, or Contaminate may cause inaccurate times.
  • Supply counts are checked every 10 seconds.